AoeStats
← GURU

Arena

509624779Analyzed
4v4 RM · 4d ago on Sep 27, 2026· 70m 6s· 8 players
Game mode
Random Map
Map size
Large (8 player)
Population
200
Speed
Normal
Resources
Standard
Victory
Conquest
Starting age
Dark Age
Ending age
Imperial Age
RankedLock teamsTeams togetherTeam positionsShared explorationLock speedFull tech treeHidden civsTurbo modeCheats
Victory
Defeat
🇻🇳 Celts · Vietnam
628
+19
🇹🇼 Franks · Taiwan
615
+19
🇻🇳 Britons · Vietnam
603
+20
🇨🇳 Portuguese · China
589
+20
🇫🇷 Burgundians · France
715
-21
🇫🇷 Persians · France
689
-20
🇫🇷 Cumans · France
681
-19
🇺🇸 Goths · United States
644
-18
Barcelomimi
0:37 Loom
14:21 Feudal Age
15:08 Horse Collar
15:16 Double-Bit Axe
16:44 Wheelbarrow
20:12 Gold Mining
20:13 Stone Mining
23:55 Castle Age
25:11 Arson
25:38 Forging
25:29 Scale Mail Armor
26:38 Hand Cart
27:50 Bow Saw
27:47 Heavy Plow
29:49 Pikeman
30:15 Arson
30:49 Chain Mail Armor
33:26 Caravan
34:11 Gold Shaft Mining
34:11 Stone Shaft Mining
34:26 Stone Shaft Mining
35:45 Masonry
35:52 Masonry
38:47 Imperial Age
36:14 Fletching
36:24 Padded Archer Armor
36:30 Scale Barding Armor
37:03 Iron Casting
38:55 Capped Ram
39:33 Bodkin Arrow
39:54 Leather Archer Armor
39:59 Chain Barding Armor
40:49 Chemistry
42:55 Halberdier
44:37 Blast Furnace
44:08 Ring Archer Armor
43:58 Chain Barding Armor
46:15 Husbandry
45:35 Cavalier
48:10 Plate Mail Armor
49:35 Onager
50:21 Siege Ram
58:09 Heavy Mounted Crossbowman
63:33 Siege Onager
64:16 Elite Skirmisher
audi8698
2:23 Loom
12:07 Feudal Age
12:36 Double-Bit Axe
20:12 Castle Age
18:27 Stone Mining
18:56 Gold Mining
20:31 Wheelbarrow
21:17 Bow Saw
26:53 Hand Cart
31:13 Imperial Age
29:02 Husbandry
29:24 Treadmill Crane
30:15 Caravan
31:03 Ballistics
31:13 Murder Holes
32:20 Conscription
33:19 Chemistry
34:03 Hoardings
33:33 Fletching
35:00 Bodkin Arrow
35:15 Forging
35:54 Chivalry
37:24 Scale Barding Armor
37:55 Iron Casting
37:01 Cavalier
38:42 Chain Barding Armor
38:42 Paladin
40:59 Plate Barding Armor
41:27 Blast Furnace
42:54 Elite Skirmisher
43:27 Light Cavalry
43:49 Ordonnance Companies
44:19 Cranequins
46:27 Fortified Wall
51:02 Squires
50:48 Gambesons
50:52 Arson
50:29 Pikeman
50:33 Man-at-Arms
51:21 Scale Mail Armor
52:13 Chain Mail Armor
52:50 Masonry
53:26 Long Swordsman
54:56 Plate Mail Armor
54:34 Two-Handed Swordsman
54:38 Pikeman
55:21 Champion
61:42 Architecture
65:17 Halberdier
67:20 Capped Ram
shenyany
6:22 Loom
11:53 Feudal Age
17:18 Castle Age
16:36 Horse Collar
23:20 Double-Bit Axe
30:52 Imperial Age
29:11 Gold Mining
29:12 Stone Mining
29:18 Stone Mining
29:52 Scale Mail Armor
30:15 Heavy Plow
30:11 Pikeman
31:15 Gambesons
32:40 Chemistry
33:02 Wheelbarrow
32:22 Town Watch
34:02 Bow Saw
34:36 Conscription
35:48 Siege Engineers
38:41 Two-Man Saw
37:59 Forging
37:40 Fletching
37:50 Padded Archer Armor
38:00 Scale Barding Armor
38:43 Thumb Ring
38:02 Elite Skirmisher
39:47 Murder Holes
40:04 Fortified Wall
39:36 Treadmill Crane
40:06 Masonry
40:18 Bombard Tower
40:18 Ballistics
40:33 Arquebus
41:12 Leather Archer Armor
41:13 Chain Mail Armor
42:29 Hand Cart
43:38 Man-at-Arms
44:04 Arson
43:40 Halberdier
45:14 Plate Mail Armor
45:15 Ring Archer Armor
48:31 Architecture
48:56 Iron Casting
49:10 Chain Barding Armor
50:22 Husbandry
50:32 Bloodlines
49:43 Cavalier
49:44 Light Cavalry
53:34 Plate Barding Armor
54:01 Blast Furnace
53:17 Long Swordsman
57:19 Bodkin Arrow
58:26 Long Swordsman
60:17 Two-Handed Swordsman
63:19 Champion
GURU
1:08 Loom
10:20 Feudal Age
10:46 Double-Bit Axe
10:45 Horse Collar
11:47 Wheelbarrow
18:38 Castle Age
19:06 Gold Mining
19:54 Bow Saw
21:18 Heavy Plow
23:04 Crossbowman
24:04 Padded Archer Armor
25:15 Pikeman
26:39 Fletching
28:01 Squires
29:38 Leather Archer Armor
30:51 Town Watch
35:36 Imperial Age
33:12 Scale Mail Armor
33:47 Stone Mining
35:06 Forging
36:41 Heated Shot
38:07 Two-Man Saw
38:22 Bodkin Arrow
39:23 Ballistics
41:47 Hand Cart
43:30 Bracer
44:07 Halberdier
46:23 Conscription
46:49 Chain Mail Armor
47:16 Elite Longbowman
52:13 Plate Mail Armor
52:20 Iron Casting
53:46 Yeomen
56:32 Chemistry
66:28 Coinage
67:32 Caravan
68:02 Banking
67:43 Guilds
68:56 Arson
Sweet Lady
1:03 Loom
13:54 Feudal Age
20:10 Castle Age
22:26 Wheelbarrow
22:13 Horse Collar
24:47 Gold Mining
28:19 Imperial Age
25:53 Stone Mining
26:27 Man-at-Arms
28:20 Double-Bit Axe
31:01 Hand Cart
33:06 Anarchy
33:21 Perfusion
34:30 Long Swordsman
36:00 Caravan
36:03 Two-Handed Swordsman
36:04 Pikeman
36:48 Squires
37:31 Champion
40:51 Stone Shaft Mining
39:40 Halberdier
41:44 Light Cavalry
42:35 Bloodlines
42:25 Husbandry
44:49 Hussar
52:24 Scale Mail Armor
52:34 Forging
54:06 Conscription
53:07 Elite Huskarl
59:02 Chain Mail Armor
59:23 Iron Casting
61:44 Capped Ram
zoccaratoromain
5:03 Loom
8:03 Double-Bit Axe
11:20 Feudal Age
10:42 Horse Collar
12:41 Feudal Age
13:00 Gold Mining
15:42 Bow Saw
15:34 Heavy Plow
19:55 Castle Age
18:01 Stone Mining
18:48 Gold Shaft Mining
19:28 Caravan
20:12 Stone Shaft Mining
22:30 Two-Man Saw
21:08 Cavalier
21:50 Husbandry
22:03 Scale Barding Armor
21:59 Scale Mail Armor
27:29 Wheelbarrow
29:34 Hand Cart
29:28 Murder Holes
29:53 Ballistics
29:59 Chain Barding Armor
29:55 Chain Mail Armor
31:37 Burgundian Vineyards
35:32 Imperial Age
34:19 Town Watch
34:49 Forging
35:43 Paladin
37:02 Plate Barding Armor
36:58 Plate Mail Armor
37:04 Iron Casting
37:06 Crop Rotation
38:00 Conscription
37:40 Elite Coustillier
48:55 Chemistry
58:34 Crossbowman
62:16 Blast Furnace
61:06 Fletching
61:17 Padded Archer Armor
64:24 Light Cavalry
67:37 Hussar
natzoc.acvs
2:58 Loom
11:32 Feudal Age
12:59 Double-Bit Axe
12:57 Horse Collar
14:11 Wheelbarrow
19:36 Castle Age
20:36 Hand Cart
20:27 Husbandry
20:43 Forging
20:38 Scale Barding Armor
22:38 Caravan
23:28 Heavy Plow
23:41 Bow Saw
24:41 Iron Casting
26:09 Bloodlines
28:08 Town Watch
29:15 Chain Barding Armor
30:38 Ballistics
32:56 Imperial Age
32:38 Cavalier
33:43 Capped Ram
36:20 Conscription
39:15 Blast Furnace
38:52 Plate Barding Armor
41:22 Two-Man Saw
40:54 Crop Rotation
41:12 Savar
45:14 Gold Mining
45:22 Stone Mining
55:44 Chemistry
60:46 Padded Archer Armor
60:36 Fletching
61:52 Light Cavalry
alexisben78
0:34 Loom
12:48 Feudal Age
13:14 Double-Bit Axe
14:00 Town Watch
19:26 Man-at-Arms
22:45 Castle Age
21:46 Gold Mining
21:50 Stone Mining
21:43 Horse Collar
22:09 Scale Mail Armor
23:57 Bow Saw
24:21 Light Cavalry
25:32 Long Swordsman
26:16 Capped Ram
27:10 Pikeman
35:32 Imperial Age
32:44 Crossbowman
33:44 Murder Holes
34:20 Bloodlines
34:39 Scale Barding Armor
34:40 Fletching
37:38 Padded Archer Armor
37:34 Bodkin Arrow
39:17 Cavalier
41:16 Leather Archer Armor
41:41 Forging
41:33 Heavy Cavalry Archer
44:30 Ring Archer Armor
45:52 Chemistry
45:18 Halberdier
47:34 Elite Kipchak
52:43 Chain Barding Armor
53:21 Paladin
55:38 Iron Casting
61:02 Siege Ram
64:47 Two-Handed Swordsman
65:29 Squires
Connection lost

Rejoining the realm…

Still unreachable

The connection could not be restored.

Session expired

The server has moved on; the page needs a fresh start.